Blue Jackets vs Panthers
Created - April 5, 2021 at 19:46
Goals
|
| Blue Jackets |
2 |
3 |
2 |
7 |
| Panthers |
1 |
2 |
2 |
5 |
|
Shots
|
| Blue Jackets |
4 |
18 |
5 |
27 |
| Panthers |
8 |
15 |
17 |
40 |
|
1st period
1. Panthers , Matt Duchene 23 (Alex Galchenyuk 40) at 5:29
2. Blue Jackets , Artemi Panarin 40 (Tyler Seguin 52, Cody Hodgson 24) at 7:28
3. Blue Jackets , Andreas Nodl 8 (Branislav Mezei 6, Dalton Prout 12) at 19:10
Penalties :
Jakob Silfverberg (Flo) for Hooking (Minor) at 10:07, Kyle Wellwood (Flo) for Holding Stick (Minor) at 14:39
2nd period
4. Panthers , Matt Duchene 24 (Alex Galchenyuk 41, Jakob Silfverberg 32) at 3:00
5. Panthers , Jakob Silfverberg 29 (Alex Galchenyuk 42, Matt Duchene 59) at 9:01
6. Blue Jackets , Martin Havlat 17 (Max Pacioretty 32) at 9:42
7. Blue Jackets , Artemi Panarin 41 (Tyler Seguin 53) at 11:07
8. Blue Jackets , Martin Havlat 18 (Max Pacioretty 33, Andreas Nodl 11) at 16:02
Penalties :
Andreas Nodl (Clb) for High sticking (Minor) at 18:47
3rd period
9. Blue Jackets , Artemi Panarin 42 (Ryan Wilson 4) at 2:50
10. Panthers , Kyle Wellwood 10 (Michael Raffl 1, Tomas Kopecky 11) at 4:27
11. Panthers , Chad Larose 6 (Erik Gudbranson 28, Viktor Arvidsson 12) at 5:27
12. Blue Jackets , Andreas Nodl 9 (Dalton Prout 13) at 6:58
Penalties :
No Penalty
Goalie Stats
Andrei Vasilevskiy (Clb), 35 saves from 40 shots - (0.875), W, 13-6-3, 60:00 minutes
Brian Elliott (Flo), 16 saves from 21 shots - (0.762), 36:02 minutes
Petr Mrazek (Flo), 4 saves from 6 shots - (0.667), L, 23-19-2, 23:58 minutes
Players Stats for Blue Jackets
Player Name G A P +/- PIM S H SB GA TA FO MP PP MP PK MP
------------------------------------------------------------------------------------
Andreas Nodl 2 1 3 1 2 2 0 0 1 0 0/0 8:13 0:00 0:00
Artemi Panarin 3 0 3 2 0 7 2 0 1 1 0/3 20:51 2:09 1:41
Brandon Bollig 0 0 0 1 0 0 0 1 0 0 0/1 8:06 0:00 0:00
Branislav Mezei 0 1 1 2 0 0 0 2 0 1 0/0 19:43 1:49 0:54
Christian Hanson 0 0 0 1 0 0 0 1 0 0 2/7 8:23 0:00 0:00
Cody Hodgson 0 1 1 0 0 2 1 0 1 1 3/9 19:11 1:49 0:09
Dalton Prout 0 2 2 2 0 0 3 3 0 1 0/0 19:43 1:49 0:54
Devin Setoguchi 0 0 0 2 0 2 0 1 1 2 0/1 19:10 2:09 0:00
Eric Wellwood 0 0 0 -1 0 1 1 0 0 0 0/0 11:43 0:00 0:09
Martin Havlat 2 0 2 0 0 4 3 1 1 0 0/1 19:20 1:49 0:00
Max Pacioretty 0 2 2 0 0 3 3 2 1 0 0/0 19:11 1:49 0:09
Mike Lundin 0 0 0 0 0 1 4 3 1 1 0/0 27:24 1:14 1:05
Pavel Datsyuk 0 0 0 -1 0 1 2 1 1 0 2/3 11:26 0:00 0:00
Rob Scuderi 0 0 0 0 0 0 0 0 2 1 0/0 27:24 1:14 1:05
Ryan Wilson 0 1 1 0 0 0 1 2 0 0 0/0 12:55 0:55 0:00
Timothy Kunes 0 0 0 0 0 0 3 0 0 2 0/0 12:51 0:55 0:00
Tyler Kennedy 0 0 0 -1 0 1 1 0 0 0 0/0 11:35 0:00 0:09
Tyler Seguin 0 2 2 2 0 3 2 0 1 1 17/38 20:51 2:09 1:41
Players Stats for Panthers
Player Name G A P +/- PIM S H SB GA TA FO MP PP MP PK MP
------------------------------------------------------------------------------------
Alex Galchenyuk 0 3 3 2 0 5 2 0 1 1 0/0 20:48 1:07 0:37
Alex Goligoski 0 0 0 2 0 6 1 0 1 2 0/0 23:30 0:37 2:02
Chad Larose 1 0 1 1 0 1 0 0 0 1 1/1 13:38 0:00 1:23
David Booth 0 0 0 -2 0 1 1 1 1 0 0/0 14:07 0:52 0:00
Drew Stafford 0 0 0 1 0 5 1 0 0 1 0/0 13:03 0:00 2:04
Erik Gudbranson 0 1 1 2 0 2 2 0 2 0 0/0 26:10 0:48 1:56
Jakob Silfverberg 1 1 2 2 2 3 1 0 1 0 1/1 20:05 1:07 0:00
Jonathan Sigalet 0 0 0 -2 0 0 1 2 1 1 0/0 17:12 0:00 0:45
Kyle Wellwood 1 0 1 -3 2 3 1 0 0 0 4/7 10:56 0:00 0:00
Matt Duchene 2 1 3 2 0 4 5 1 0 0 23/35 20:45 1:07 0:31
Max Reinhart 0 0 0 1 0 1 1 0 1 0 5/9 13:12 0:00 2:04
Michael Raffl 0 1 1 -3 0 1 0 0 0 0 0/0 9:34 0:00 0:00
Radko Gudas 0 0 0 -2 0 1 1 1 1 2 0/0 19:07 0:34 2:02
Raphael Diaz 0 0 0 -2 0 1 1 1 0 0 0/0 14:44 1:22 0:00
Taylor Chorney 0 0 0 -2 0 3 1 0 0 1 0/0 18:53 0:37 1:11
Tomas Kopecky 0 1 1 -3 0 3 0 0 0 0 0/0 9:34 0:00 0:00
Travis Zajac 0 0 0 -2 0 0 2 0 1 1 5/10 16:21 0:52 1:17
Viktor Arvidsson 0 1 1 -2 0 0 1 0 1 1 0/0 14:21 0:52 0:00
3 Stars
1 - Artemi Panarin (Clb)
2 - Matt Duchene (Flo)
3 - Martin Havlat (Clb)
Power Play
Blue Jackets - 0 on 2 Attempt(s) - 0.00%
Panthers - 0 on 1 Attempt(s) - 0.00%
Penalty Kill
Blue Jackets - 1 on 1 Attempt(s) - 100.00%
- Score 0 goal in Penalty Kill
Panthers - 2 on 2 Attempt(s) - 100.00%
- Score 0 goal in Penalty Kill
Team Stat
Blue Jackets - Hits : 26 - Faceoff Wins : 24 - Blocked Shots : 17 - Penalty Minutes : 2
Panthers - Hits : 22 - Faceoff Wins : 39 - Blocked Shots : 6 - Penalty Minutes : 4
Official
Referees : Unknown
Linesman : Unknown
Game Notes
Petr Mrazek enters game at 16:02 of 2nd period
Artemi Panarin has scored a Hat Trick!
Finance
Level 1 -- Attendance: 4206 (70.10%) -- Ticket Income $504,720
Level 2 -- Attendance: 3742 (74.84%) -- Ticket Income $261,940
Level 3 -- Attendance: 1678 (83.90%) -- Ticket Income $75,510
Level 4 -- Attendance: 2903 (72.58%) -- Ticket Income $101,605
Luxury Box -- Attendance: 831 (83.10%) -- Ticket Income $162,045
Game was played at the Bank Atlantic Cente.
Total Attendance: 13360 (74.22%)
Total Ticket Income: $1,105,820
Other Income: $165,873
Total Income: $1,271,693
Blue Jackets
5 vs 5 Forward
Center Left Wing Right Wing Time % Phy DF OF
1 Tyler Seguin Artemi Panarin Devin Setoguchi 40 1 2 2
2 Cody Hodgson Max Pacioretty Martin Havlat 30 1 2 2
3 Pavel Datsyuk Eric Wellwood Tyler Kennedy 20 1 2 2
4 Christian Hanson Brandon Bollig Andreas Nodl 10 1 2 2
5 vs 5 Defense
Defense Defense Time % Phy DF OF
1 Mike Lundin Rob Scuderi 40 1 2 2
2 Dalton Prout Branislav Mezei 30 1 2 2
3 Ryan Wilson Timothy Kunes 20 1 2 2
4 Mike Lundin Rob Scuderi 10 1 2 2
PowerPlay Forward
Center Left Wing Right Wing Time % Phy DF OF
1 Tyler Seguin Artemi Panarin Devin Setoguchi 60 1 2 2
2 Cody Hodgson Max Pacioretty Martin Havlat 40 1 2 2
PowerPlay Defense
Defense Defense Time % Phy DF OF
1 Mike Lundin Rob Scuderi 60 1 2 2
2 Dalton Prout Branislav Mezei 40 1 2 2
Penalty Kill 4 Players Forward
Center Wing Time % Phy DF OF
1 Tyler Seguin Artemi Panarin 60 1 2 2
2 Max Pacioretty Cody Hodgson 40 1 2 2
Penalty Kill 4 Players Defense
Defense Defense Time % Phy DF OF
1 Mike Lundin Rob Scuderi 60 1 2 2
2 Dalton Prout Branislav Mezei 40 1 2 2
Penalty Kill - 3 Players Forward
Forward Time % Phy DF OF
1 Tyler Seguin 60 1 2 2
2 Artemi Panarin 40 1 2 2
Penalty Kill - 3 Players Defense
Defense Defense Time % Phy DF OF
1 Mike Lundin Rob Scuderi 60 1 2 2
2 Dalton Prout Branislav Mezei 40 1 2 2
4 vs 4 Forward
Center Wing Time % Phy DF OF
1 Tyler Seguin Artemi Panarin 60 1 2 2
2 Max Pacioretty Cody Hodgson 40 1 2 2
4 vs 4 Defense
Defense Defense Time % Phy DF OF
1 Mike Lundin Rob Scuderi 60 1 2 2
2 Dalton Prout Branislav Mezei 40 1 2 2
Last Minutes Offensive
Center Left Wing Right Wing Defense Defense
Tyler Seguin Artemi Panarin Devin Setoguchi Mike Lundin Rob Scuderi
Last Minutes Defensive
Center Left Wing Right Wing Defense Defense
Tyler Seguin Artemi Panarin Devin Setoguchi Mike Lundin Rob Scuderi
Goaltenders
Starting : Andrei Vasilevskiy
Backup : Rick DiPietro
Extra Forwards
Normal : Tyler Seguin, Pavel Datsyuk, Tyler Kennedy - PP : Tyler Seguin, Pavel Datsyuk - PK : Tyler Kennedy
Extra Defensemen
Normal : Ryan Wilson, Timothy Kunes, Dalton Prout - PP : Ryan Wilson - PK : Timothy Kunes, Dalton Prout
Penalty Shots
Tyler Seguin, Artemi Panarin, Max Pacioretty, Cody Hodgson, Devin Setoguchi
Scratches
Anthony Stewart (Healthy), Dennis Wideman (Fractured Bone in Left Hand Injury), Cam Fowler (Healthy)
Panthers
5 vs 5 Forward
Center Left Wing Right Wing Time % Phy DF OF
1 Matt Duchene Alex Galchenyuk Jakob Silfverberg 40 0 2 3
2 Travis Zajac David Booth Viktor Arvidsson 30 0 2 3
3 Max Reinhart Chad Larose Drew Stafford 20 0 3 2
4 Kyle Wellwood Michael Raffl Tomas Kopecky 10 1 2 2
5 vs 5 Defense
Defense Defense Time % Phy DF OF
1 Erik Gudbranson Alex Goligoski 40 0 2 3
2 Taylor Chorney Raphael Diaz 30 0 2 3
3 Radko Gudas Jonathan Sigalet 20 1 2 2
4 Erik Gudbranson Taylor Chorney 10 0 2 3
PowerPlay Forward
Center Left Wing Right Wing Time % Phy DF OF
1 Matt Duchene Alex Galchenyuk Jakob Silfverberg 60 0 1 4
2 Travis Zajac David Booth Viktor Arvidsson 40 0 1 4
PowerPlay Defense
Defense Defense Time % Phy DF OF
1 Erik Gudbranson Raphael Diaz 60 0 2 3
2 Alex Goligoski Taylor Chorney 40 0 2 3
Penalty Kill 4 Players Forward
Center Wing Time % Phy DF OF
1 Max Reinhart Drew Stafford 60 1 3 1
2 Travis Zajac Chad Larose 40 1 3 1
Penalty Kill 4 Players Defense
Defense Defense Time % Phy DF OF
1 Erik Gudbranson Taylor Chorney 60 1 3 1
2 Alex Goligoski Radko Gudas 40 1 3 1
Penalty Kill - 3 Players Forward
Forward Time % Phy DF OF
1 Drew Stafford 60 1 3 1
2 Max Reinhart 40 1 3 1
Penalty Kill - 3 Players Defense
Defense Defense Time % Phy DF OF
1 Erik Gudbranson Taylor Chorney 60 0 4 1
2 Alex Goligoski Radko Gudas 40 0 4 1
4 vs 4 Forward
Center Wing Time % Phy DF OF
1 Matt Duchene Jakob Silfverberg 60 0 2 3
2 Travis Zajac Alex Galchenyuk 40 0 2 3
4 vs 4 Defense
Defense Defense Time % Phy DF OF
1 Erik Gudbranson Taylor Chorney 60 0 2 3
2 Alex Goligoski Radko Gudas 40 0 2 3
Last Minutes Offensive
Center Left Wing Right Wing Defense Defense
Matt Duchene Alex Galchenyuk Jakob Silfverberg Erik Gudbranson Alex Goligoski
Last Minutes Defensive
Center Left Wing Right Wing Defense Defense
Max Reinhart David Booth Drew Stafford Erik Gudbranson Taylor Chorney
Goaltenders
Starting : Brian Elliott
Backup : Petr Mrazek
Extra Forwards
Normal : Viktor Arvidsson, Alex Galchenyuk, Matt Duchene - PP : Drew Stafford, Alex Galchenyuk - PK : Chad Larose
Extra Defensemen
Normal : Radko Gudas, Erik Gudbranson, Alex Goligoski - PP : Radko Gudas - PK : Alex Goligoski, Erik Gudbranson
Penalty Shots
Jakob Silfverberg, Viktor Arvidsson, Alex Galchenyuk, David Booth, Matt Duchene
Scratches
Stefan Ruzicka (Healthy), Steve Montador (Healthy), Matt Irwin (Healthy)
% Time on Ice - Blue Jackets
Lines # - Real PCT - Wanted PCT - Time Play
Normal Forward
1 - 32% - 40% - 17:27
2 - 32% - 30% - 17:13
3 - 21% - 20% - 11:17
4 - 15% - 10% - 8:06
Normal Defense
1 - 40% - 40% - 21:27
2 - 32% - 30% - 17:02
3 - 22% - 20% - 11:56
4 - 7% - 10% - 3:38
PP Forward
1 - 54% - 60% - 2:09
2 - 46% - 40% - 1:49
PP Defense
1 - 39% - 60% - 1:32
2 - 61% - 40% - 2:26
PK Forward
1 - 92% - 60% - 1:50
2 - 8% - 40% - 0:09
PK Defense
1 - 55% - 60% - 1:05
2 - 45% - 40% - 0:54
PK3 Forward
1 - 0% - 60%
2 - 0% - 40%
PK3 Defense
1 - 0% - 60%
2 - 0% - 40%
44 Forward
1 - 0% - 60%
2 - 0% - 40%
44 Defense
1 - 0% - 60%
2 - 0% - 40%
Last Minute Offensive - 0:00
Last Minute Defensive - 0:00
Total
Forward - 60:00
Defense - 60:00
|
% Time on Ice - Panthers
Lines # - Real PCT - Wanted PCT - Time Play
Normal Forward
1 - 36% - 40% - 19:13
2 - 27% - 30% - 14:38
3 - 20% - 20% - 10:38
4 - 18% - 10% - 9:34
Normal Defense
1 - 37% - 40% - 20:09
2 - 26% - 30% - 14:19
3 - 30% - 20% - 16:24
4 - 6% - 10% - 3:11
PP Forward
1 - 56% - 60% - 1:07
2 - 44% - 40% - 0:52
PP Defense
1 - 69% - 60% - 1:22
2 - 31% - 40% - 0:37
PK Forward
1 - 68% - 60% - 2:41
2 - 32% - 40% - 1:17
PK Defense
1 - 49% - 60% - 1:56
2 - 51% - 40% - 2:02
PK3 Forward
1 - 0% - 60%
2 - 0% - 40%
PK3 Defense
1 - 0% - 60%
2 - 0% - 40%
44 Forward
1 - 0% - 60%
2 - 0% - 40%
44 Defense
1 - 0% - 60%
2 - 0% - 40%
Last Minute Offensive - 0:00
Last Minute Defensive - 0:00
Total
Forward - 60:00
Defense - 60:00
|
Play-by-Play
1st period
0:01 of 1st period - Tyler Seguin wins face-off versus Matt Duchene in neutral zone.
0:55 of 1st period - Off-side.
0:56 of 1st period - Christian Hanson wins face-off versus Kyle Wellwood in neutral zone.
1:09 of 1st period - Slapshot by Tomas Kopecky.
1:09 of 1st period - Stopped by Andrei Vasilevskiy without a rebound.
1:10 of 1st period - Tyler Seguin wins face-off versus Matt Duchene in Blue Jackets zone.
1:10 of 1st period - Tyler Seguin is hit by Matt Duchene.
1:24 of 1st period - Wrist shot by Matt Duchene.
1:24 of 1st period - Shot Hit the Post.
1:36 of 1st period - Ryan Wilson is hit by Raphael Diaz and loses puck.
1:41 of 1st period - Wrist shot by Drew Stafford.
1:41 of 1st period - Shot Misses the Net.
1:43 of 1st period - Slapshot by Radko Gudas.
1:43 of 1st period - Deflect By Drew Stafford.
1:43 of 1st period - Stopped by Andrei Vasilevskiy with a rebound.
1:45 of 1st period - Slapshot by Radko Gudas.
1:45 of 1st period - Deflect By Drew Stafford.
1:45 of 1st period - Stopped by Andrei Vasilevskiy without a rebound.
1:46 of 1st period - Travis Zajac wins face-off versus Cody Hodgson in Blue Jackets zone.
1:49 of 1st period - Snap shot by Viktor Arvidsson.
1:49 of 1st period - Shot Misses the Net.
1:51 of 1st period - Snap shot by Travis Zajac.
1:51 of 1st period - Deflect By Viktor Arvidsson.
1:51 of 1st period - Shot Misses the Net.
1:51 of 1st period - Puck is out of play.
1:52 of 1st period - Travis Zajac wins face-off versus Cody Hodgson in Blue Jackets zone.
1:53 of 1st period - Wrist shot by David Booth.
1:53 of 1st period - Shot Misses the Net.
2:19 of 1st period - Branislav Mezei is hit by Jakob Silfverberg and loses puck.
2:25 of 1st period - Off-side.
2:26 of 1st period - Matt Duchene wins face-off versus Tyler Seguin in neutral zone.
3:16 of 1st period - Dalton Prout is hit by Jonathan Sigalet and loses puck.
3:41 of 1st period - Snap shot by Jakob Silfverberg.
3:41 of 1st period - Stopped by Andrei Vasilevskiy with a rebound.
4:40 of 1st period - Icing by Raphael Diaz.
4:41 of 1st period - Christian Hanson wins face-off versus Max Reinhart in Panthers zone.
5:21 of 1st period - Off-side.
5:22 of 1st period - Matt Duchene wins face-off versus Tyler Seguin in neutral zone.
5:29 of 1st period - Wrist shot by Matt Duchene.
5:29 of 1st period - Goal by Matt Duchene - Blue Jackets : 0 - Panthers : 1.
5:30 of 1st period - Tyler Seguin wins face-off versus Matt Duchene in neutral zone.
5:41 of 1st period - Wrist shot by Devin Setoguchi.
5:41 of 1st period - Stopped by Brian Elliott without a rebound.
5:42 of 1st period - Tyler Seguin wins face-off versus Travis Zajac in Panthers zone.
5:47 of 1st period - Snap shot by Devin Setoguchi.
5:47 of 1st period - Shot Misses the Net.
7:24 of 1st period - Snap shot by Artemi Panarin.
7:24 of 1st period - Shot Misses the Net.
7:26 of 1st period - Snap shot by Artemi Panarin.
7:26 of 1st period - Shot Blocked by Radko Gudas.
7:28 of 1st period - Wrist shot by Artemi Panarin.
7:28 of 1st period - Goal by Artemi Panarin - Blue Jackets : 1 - Panthers : 1.
7:29 of 1st period - Matt Duchene wins face-off versus Artemi Panarin in neutral zone.
7:32 of 1st period - Artemi Panarin is hit by Erik Gudbranson and loses puck.
8:28 of 1st period - Slapshot by Michael Raffl.
8:28 of 1st period - Shot Misses the Net.
8:30 of 1st period - Slapshot by Erik Gudbranson.
8:30 of 1st period - Stopped by Andrei Vasilevskiy without a rebound.
8:31 of 1st period - Matt Duchene wins face-off versus Tyler Seguin in Blue Jackets zone.
8:41 of 1st period - Artemi Panarin is hit by Matt Duchene and loses puck.
10:07 of 1st period - Minor Penalty to Jakob Silfverberg for Hooking.
10:08 of 1st period - Max Reinhart wins face-off versus Devin Setoguchi in Panthers zone.
10:08 of 1st period - Max Reinhart is hit by Artemi Panarin.
10:15 of 1st period - Icing by Mike Lundin.
10:16 of 1st period - Tyler Seguin wins face-off versus Max Reinhart in Blue Jackets zone.
10:18 of 1st period - Icing by Artemi Panarin.
10:19 of 1st period - Max Reinhart wins face-off versus Tyler Seguin in Blue Jackets zone.
11:22 of 1st period - Radko Gudas is hit by Martin Havlat.
11:59 of 1st period - Icing by Devin Setoguchi.
12:00 of 1st period - Matt Duchene wins face-off versus Cody Hodgson in Blue Jackets zone.
12:07 of 1st period - Penalty to Jakob Silfverberg is over, Jakob Silfverberg is back on ice.
12:21 of 1st period - Slapshot by Taylor Chorney.
12:21 of 1st period - Stopped by Andrei Vasilevskiy without a rebound.
12:22 of 1st period - Pavel Datsyuk wins face-off versus Kyle Wellwood in Blue Jackets zone.
12:37 of 1st period - Michael Raffl is hit by Eric Wellwood and loses puck.
12:48 of 1st period - Snap shot by Kyle Wellwood.
12:48 of 1st period - Shot Blocked by Mike Lundin.
13:14 of 1st period - Taylor Chorney is hit by Max Pacioretty.
14:26 of 1st period - Slapshot by Rob Scuderi.
14:26 of 1st period - Shot Blocked by Raphael Diaz.
14:39 of 1st period - Minor Penalty to Kyle Wellwood for Holding Stick.
14:40 of 1st period - Tyler Seguin wins face-off versus Max Reinhart in Panthers zone.
14:47 of 1st period - Snap shot by Artemi Panarin.
14:47 of 1st period - Shot Misses the Net.
15:46 of 1st period - Chad Larose is hit by Cody Hodgson.
16:39 of 1st period - Penalty to Kyle Wellwood is over, Kyle Wellwood is back on ice.
16:47 of 1st period - Tyler Kennedy is hit by Alex Galchenyuk and loses puck.
17:10 of 1st period - Erik Gudbranson is hit by Pavel Datsyuk and loses puck.
17:17 of 1st period - Radko Gudas is hit by Mike Lundin and loses puck.
17:39 of 1st period - Jonathan Sigalet is hit by Timothy Kunes and loses puck.
17:54 of 1st period - Chad Larose is hit by Mike Lundin and loses puck.
18:01 of 1st period - Snap shot by Eric Wellwood.
18:01 of 1st period - Stopped by Brian Elliott without a rebound.
18:02 of 1st period - Tyler Seguin wins face-off versus Matt Duchene in Panthers zone.
18:13 of 1st period - Wrist shot by Matt Duchene.
18:13 of 1st period - Shot Hit the Post.
18:29 of 1st period - Taylor Chorney is hit by Max Pacioretty and loses puck.
18:44 of 1st period - Wrist shot by David Booth.
18:44 of 1st period - Stopped by Andrei Vasilevskiy with a rebound.
18:52 of 1st period - Snap shot by Cody Hodgson.
18:52 of 1st period - Shot Misses the Net.
19:08 of 1st period - Slapshot by Dalton Prout.
19:08 of 1st period - Shot Misses the Net.
19:10 of 1st period - Wrist shot by Branislav Mezei.
19:10 of 1st period - Deflect By Andreas Nodl.
19:10 of 1st period - Goal by Andreas Nodl - Blue Jackets : 2 - Panthers : 1.
19:11 of 1st period - Matt Duchene wins face-off versus Tyler Seguin in neutral zone.
19:36 of 1st period - Erik Gudbranson is hit by Martin Havlat and loses puck.
Goals for this period are 2 for Blue Jackets vs 1 for Panthers.
Shots for this period are 4 for Blue Jackets vs 8 for Panthers.
2nd period
0:01 of 2nd period - Matt Duchene wins face-off versus Tyler Seguin in neutral zone.
0:46 of 2nd period - Wrist shot by Tyler Kennedy.
0:46 of 2nd period - Stopped by Brian Elliott without a rebound.
0:47 of 2nd period - Max Reinhart wins face-off versus Pavel Datsyuk in Panthers zone.
1:36 of 2nd period - Wrist shot by Martin Havlat.
1:36 of 2nd period - Stopped by Brian Elliott with a rebound.
1:38 of 2nd period - Snap shot by Martin Havlat.
1:38 of 2nd period - Stopped by Brian Elliott with a rebound.
1:40 of 2nd period - Slapshot by Dalton Prout.
1:40 of 2nd period - Deflect By Max Pacioretty.
1:40 of 2nd period - Stopped by Brian Elliott without a rebound.
1:41 of 2nd period - Matt Duchene wins face-off versus Martin Havlat in Panthers zone.
2:13 of 2nd period - Icing by Max Reinhart.
2:14 of 2nd period - Tyler Seguin wins face-off versus Max Reinhart in Panthers zone.
2:15 of 2nd period - Wrist shot by Artemi Panarin.
2:15 of 2nd period - Shot Misses the Net.
2:29 of 2nd period - Slapshot by Alex Goligoski.
2:29 of 2nd period - Deflect By Artemi Panarin.
2:29 of 2nd period - Stopped by Andrei Vasilevskiy with a rebound.
2:31 of 2nd period - Slapshot by Alex Goligoski.
2:31 of 2nd period - Stopped by Andrei Vasilevskiy with a rebound.
2:33 of 2nd period - Snap shot by Drew Stafford.
2:33 of 2nd period - Shot Blocked by Devin Setoguchi.
2:35 of 2nd period - Snap shot by Alex Goligoski.
2:35 of 2nd period - Stopped by Andrei Vasilevskiy with a rebound.
2:37 of 2nd period - Snap shot by Drew Stafford.
2:37 of 2nd period - Stopped by Andrei Vasilevskiy without a rebound.
2:38 of 2nd period - Matt Duchene wins face-off versus Cody Hodgson in Blue Jackets zone.
2:44 of 2nd period - Snap shot by Alex Galchenyuk.
2:44 of 2nd period - Stopped by Andrei Vasilevskiy without a rebound.
2:45 of 2nd period - Matt Duchene wins face-off versus Cody Hodgson in Blue Jackets zone.
2:46 of 2nd period - Snap shot by Jakob Silfverberg.
2:46 of 2nd period - Stopped by Andrei Vasilevskiy with a rebound.
2:48 of 2nd period - Snap shot by Alex Galchenyuk.
2:48 of 2nd period - Shot Misses the Net.
2:50 of 2nd period - Snap shot by Alex Galchenyuk.
2:50 of 2nd period - Stopped by Andrei Vasilevskiy with a rebound.
2:52 of 2nd period - Snap shot by Matt Duchene.
2:52 of 2nd period - Shot Blocked by Max Pacioretty.
3:00 of 2nd period - Slapshot by Matt Duchene.
3:00 of 2nd period - Goal by Matt Duchene - Blue Jackets : 2 - Panthers : 2.
3:01 of 2nd period - Matt Duchene wins face-off versus Tyler Seguin in neutral zone.
3:09 of 2nd period - Matt Duchene is hit by Tyler Seguin and loses puck.
3:14 of 2nd period - Wrist shot by Tyler Seguin.
3:14 of 2nd period - Stopped by Brian Elliott without a rebound.
3:15 of 2nd period - Tyler Seguin wins face-off versus Matt Duchene in Panthers zone.
3:24 of 2nd period - Rob Scuderi is hit by Matt Duchene and loses puck.
4:27 of 2nd period - Off-side.
4:28 of 2nd period - Jakob Silfverberg wins face-off versus Christian Hanson in neutral zone.
4:41 of 2nd period - Snap shot by Alex Galchenyuk.
4:41 of 2nd period - Shot Misses the Net.
4:43 of 2nd period - Slapshot by Raphael Diaz.
4:43 of 2nd period - Stopped by Andrei Vasilevskiy without a rebound.
4:44 of 2nd period - Travis Zajac wins face-off versus Tyler Seguin in Blue Jackets zone.
5:23 of 2nd period - Snap shot by Jakob Silfverberg.
5:23 of 2nd period - Shot Misses the Net.
5:25 of 2nd period - Wrist shot by Jakob Silfverberg.
5:25 of 2nd period - Shot Misses the Net.
5:55 of 2nd period - Snap shot by Kyle Wellwood.
5:55 of 2nd period - Stopped by Andrei Vasilevskiy without a rebound.
5:56 of 2nd period - Kyle Wellwood wins face-off versus Brandon Bollig in Blue Jackets zone.
5:57 of 2nd period - Slapshot by Alex Goligoski.
5:57 of 2nd period - Stopped by Andrei Vasilevskiy with a rebound.
6:17 of 2nd period - Tyler Seguin is hit by Erik Gudbranson and loses puck.
6:32 of 2nd period - Snap shot by Tomas Kopecky.
6:32 of 2nd period - Stopped by Andrei Vasilevskiy without a rebound.
6:33 of 2nd period - Cody Hodgson wins face-off versus Matt Duchene in Blue Jackets zone.
6:44 of 2nd period - Snap shot by Max Pacioretty.
6:44 of 2nd period - Stopped by Brian Elliott without a rebound.
6:45 of 2nd period - Tyler Seguin wins face-off versus Matt Duchene in Panthers zone.
7:12 of 2nd period - Cody Hodgson is hit by Travis Zajac and loses puck.
7:50 of 2nd period - Slapshot by Cody Hodgson.
7:50 of 2nd period - Stopped by Brian Elliott without a rebound.
7:51 of 2nd period - Tyler Seguin wins face-off versus Matt Duchene in Panthers zone.
7:58 of 2nd period - Wrist shot by Tyler Seguin.
7:58 of 2nd period - Shot Blocked by Jonathan Sigalet.
8:11 of 2nd period - Icing by Devin Setoguchi.
8:12 of 2nd period - Travis Zajac wins face-off versus Artemi Panarin in Blue Jackets zone.
8:39 of 2nd period - Wrist shot by Artemi Panarin.
8:39 of 2nd period - Stopped by Brian Elliott without a rebound.
8:40 of 2nd period - Cody Hodgson wins face-off versus Matt Duchene in Panthers zone.
8:47 of 2nd period - Slapshot by Cody Hodgson.
8:47 of 2nd period - Stopped by Brian Elliott with a rebound.
8:55 of 2nd period - Snap shot by Alex Galchenyuk.
8:55 of 2nd period - Stopped by Andrei Vasilevskiy with a rebound.
8:57 of 2nd period - Snap shot by Jakob Silfverberg.
8:57 of 2nd period - Shot Blocked by Ryan Wilson.
8:59 of 2nd period - Snap shot by Jakob Silfverberg.
8:59 of 2nd period - Shot Misses the Net.
9:01 of 2nd period - Wrist shot by Jakob Silfverberg.
9:01 of 2nd period - Goal by Jakob Silfverberg - Blue Jackets : 2 - Panthers : 3.
9:02 of 2nd period - Matt Duchene wins face-off versus Tyler Seguin in neutral zone.
9:12 of 2nd period - Slapshot by Tyler Seguin.
9:12 of 2nd period - Stopped by Brian Elliott with a rebound.
9:14 of 2nd period - Snap shot by Devin Setoguchi.
9:14 of 2nd period - Stopped by Brian Elliott with a rebound.
9:16 of 2nd period - Snap shot by Tyler Seguin.
9:16 of 2nd period - Stopped by Brian Elliott with a rebound.
9:28 of 2nd period - Erik Gudbranson is hit by Dalton Prout and loses puck.
9:32 of 2nd period - Icing by Erik Gudbranson.
9:33 of 2nd period - Cody Hodgson wins face-off versus Travis Zajac in Panthers zone.
9:34 of 2nd period - Wrist shot by Martin Havlat.
9:34 of 2nd period - Shot Misses the Net.
9:42 of 2nd period - Wrist shot by Martin Havlat.
9:42 of 2nd period - Goal by Martin Havlat - Blue Jackets : 3 - Panthers : 3.
9:43 of 2nd period - Tyler Seguin wins face-off versus Matt Duchene in neutral zone.
11:05 of 2nd period - Wrist shot by Artemi Panarin.
11:05 of 2nd period - Stopped by Brian Elliott with a rebound.
11:07 of 2nd period - Snap shot by Artemi Panarin.
11:07 of 2nd period - Goal by Artemi Panarin - Blue Jackets : 4 - Panthers : 3.
11:08 of 2nd period - Matt Duchene wins face-off versus Tyler Seguin in neutral zone.
11:35 of 2nd period - Max Pacioretty is hit by Viktor Arvidsson and loses puck.
11:57 of 2nd period - Raphael Diaz is hit by Dalton Prout and loses puck.
12:06 of 2nd period - Snap shot by Drew Stafford.
12:06 of 2nd period - Stopped by Andrei Vasilevskiy with a rebound.
12:38 of 2nd period - Alex Goligoski is hit by Tyler Seguin and loses puck.
13:05 of 2nd period - Dalton Prout is hit by Travis Zajac and loses puck.
13:20 of 2nd period - Jonathan Sigalet is hit by Tyler Kennedy and loses puck.
13:43 of 2nd period - Snap shot by Andreas Nodl.
13:43 of 2nd period - Shot Blocked by Jonathan Sigalet.
14:07 of 2nd period - Tyler Seguin is hit by Alex Galchenyuk and loses puck.
14:45 of 2nd period - Backhand shot by Max Pacioretty.
14:45 of 2nd period - Stopped by Brian Elliott without a rebound.
14:46 of 2nd period - Tyler Seguin wins face-off versus Matt Duchene in Panthers zone.
15:33 of 2nd period - Travis Zajac is hit by Ryan Wilson and loses puck.
15:45 of 2nd period - Brandon Bollig is hit by Taylor Chorney.
16:02 of 2nd period - Wrist shot by Martin Havlat.
16:02 of 2nd period - Goal by Martin Havlat - Blue Jackets : 5 - Panthers : 3.
16:02 of 2nd period - Petr Mrazek enters game.
16:03 of 2nd period - Matt Duchene wins face-off versus Tyler Seguin in neutral zone.
16:12 of 2nd period - Snap shot by Artemi Panarin.
16:12 of 2nd period - Stopped by Petr Mrazek with a rebound.
16:30 of 2nd period - Rob Scuderi is hit by Alex Goligoski and loses puck.
16:37 of 2nd period - Snap shot by Viktor Arvidsson.
16:37 of 2nd period - Shot Misses the Net.
16:45 of 2nd period - David Booth is hit by Martin Havlat and loses puck.
17:23 of 2nd period - Raphael Diaz is hit by Timothy Kunes and loses puck.
18:47 of 2nd period - Minor Penalty to Andreas Nodl for High sticking.
18:48 of 2nd period - Tyler Seguin wins face-off versus Matt Duchene in Blue Jackets zone.
19:21 of 2nd period - Slapshot by Raphael Diaz.
19:21 of 2nd period - Deflect By Viktor Arvidsson.
19:21 of 2nd period - Shot Misses the Net.
19:21 of 2nd period - Puck is out of play.
19:22 of 2nd period - Matt Duchene wins face-off versus Tyler Seguin in Blue Jackets zone.
Goals for this period are 3 for Blue Jackets vs 2 for Panthers.
Shots for this period are 18 for Blue Jackets vs 15 for Panthers.
3rd period
0:01 of 3rd period - Matt Duchene wins face-off versus Tyler Seguin in neutral zone.
0:47 of 3rd period - Penalty to Andreas Nodl is over, Andreas Nodl is back on ice.
0:49 of 3rd period - Dalton Prout is hit by Matt Duchene and loses puck.
1:04 of 3rd period - Chad Larose is hit by Pavel Datsyuk and loses puck.
2:08 of 3rd period - Slapshot by Alex Galchenyuk.
2:08 of 3rd period - Stopped by Andrei Vasilevskiy with a rebound.
2:10 of 3rd period - Wrist shot by Matt Duchene.
2:10 of 3rd period - Shot Misses the Net.
2:12 of 3rd period - Snap shot by Matt Duchene.
2:12 of 3rd period - Stopped by Andrei Vasilevskiy with a rebound.
2:14 of 3rd period - Slapshot by Erik Gudbranson.
2:14 of 3rd period - Shot Blocked by Mike Lundin.
2:16 of 3rd period - Wrist shot by Erik Gudbranson.
2:16 of 3rd period - Stopped by Andrei Vasilevskiy with a rebound.
2:34 of 3rd period - Slapshot by Max Reinhart.
2:34 of 3rd period - Shot Misses the Net.
2:50 of 3rd period - Wrist shot by Artemi Panarin.
2:50 of 3rd period - Goal by Artemi Panarin - Blue Jackets : 6 - Panthers : 3.
2:51 of 3rd period - Matt Duchene wins face-off versus Tyler Seguin in neutral zone.
2:58 of 3rd period - Wrist shot by Alex Galchenyuk.
2:58 of 3rd period - Shot Misses the Net.
3:03 of 3rd period - Off-side.
3:04 of 3rd period - Matt Duchene wins face-off versus Artemi Panarin in neutral zone.
3:36 of 3rd period - Snap shot by Radko Gudas.
3:36 of 3rd period - Shot Blocked by Dalton Prout.
3:52 of 3rd period - Eric Wellwood is hit by Drew Stafford and loses puck.
4:11 of 3rd period - Snap shot by Tomas Kopecky.
4:11 of 3rd period - Shot Hit the Post.
4:13 of 3rd period - Snap shot by Tomas Kopecky.
4:13 of 3rd period - Stopped by Andrei Vasilevskiy without a rebound.
4:14 of 3rd period - Kyle Wellwood wins face-off versus Christian Hanson in Blue Jackets zone.
4:19 of 3rd period - Slapshot by Alex Goligoski.
4:19 of 3rd period - Shot Blocked by Ryan Wilson.
4:21 of 3rd period - Snap shot by Tomas Kopecky.
4:21 of 3rd period - Shot Misses the Net.
4:23 of 3rd period - Wrist shot by Tomas Kopecky.
4:23 of 3rd period - Shot Blocked by Brandon Bollig.
4:25 of 3rd period - Backhand shot by Michael Raffl.
4:25 of 3rd period - Stopped by Andrei Vasilevskiy with a rebound.
4:27 of 3rd period - Snap shot by Kyle Wellwood.
4:27 of 3rd period - Goal by Kyle Wellwood - Blue Jackets : 6 - Panthers : 4.
4:28 of 3rd period - Matt Duchene wins face-off versus Tyler Seguin in neutral zone.
4:55 of 3rd period - Erik Gudbranson is hit by Max Pacioretty and loses puck.
5:27 of 3rd period - Slapshot by Erik Gudbranson.
5:27 of 3rd period - Deflect By Chad Larose.
5:27 of 3rd period - Goal by Chad Larose - Blue Jackets : 6 - Panthers : 5.
5:28 of 3rd period - Matt Duchene wins face-off versus Tyler Seguin in neutral zone.
5:55 of 3rd period - Mike Lundin is hit by David Booth and loses puck.
6:22 of 3rd period - Tyler Kennedy is hit by Radko Gudas and loses puck.
6:39 of 3rd period - Wrist shot by Michael Raffl.
6:39 of 3rd period - Deflect By Tomas Kopecky.
6:39 of 3rd period - Shot Misses the Net.
6:39 of 3rd period - Puck is out of play.
6:40 of 3rd period - Kyle Wellwood wins face-off versus Christian Hanson in Blue Jackets zone.
6:41 of 3rd period - Slapshot by Alex Goligoski.
6:41 of 3rd period - Stopped by Andrei Vasilevskiy with a rebound.
6:53 of 3rd period - Michael Raffl is hit by Dalton Prout and loses puck.
6:58 of 3rd period - Wrist shot by Andreas Nodl.
6:58 of 3rd period - Goal by Andreas Nodl - Blue Jackets : 7 - Panthers : 5.
6:59 of 3rd period - Matt Duchene wins face-off versus Tyler Seguin in neutral zone.
7:02 of 3rd period - Snap shot by Alex Galchenyuk.
7:02 of 3rd period - Stopped by Andrei Vasilevskiy with a rebound.
7:26 of 3rd period - Travis Zajac is hit by Mike Lundin and loses puck.
7:31 of 3rd period - Snap shot by Cody Hodgson.
7:31 of 3rd period - Shot Misses the Net.
9:48 of 3rd period - Snap shot by Alex Galchenyuk.
9:48 of 3rd period - Shot Blocked by Martin Havlat.
9:50 of 3rd period - Snap shot by Jonathan Sigalet.
9:50 of 3rd period - Shot Blocked by Max Pacioretty.
9:52 of 3rd period - Slapshot by Jonathan Sigalet.
9:52 of 3rd period - Shot Misses the Net.
10:12 of 3rd period - Wrist shot by Jakob Silfverberg.
10:12 of 3rd period - Shot Misses the Net.
10:18 of 3rd period - Snap shot by Matt Duchene.
10:18 of 3rd period - Stopped by Andrei Vasilevskiy with a rebound.
11:29 of 3rd period - Snap shot by Matt Duchene.
11:29 of 3rd period - Shot Blocked by Mike Lundin.
11:45 of 3rd period - Backhand shot by Mike Lundin.
11:45 of 3rd period - Stopped by Petr Mrazek without a rebound.
11:46 of 3rd period - Tyler Seguin wins face-off versus Travis Zajac in Panthers zone.
11:49 of 3rd period - Slapshot by Tyler Seguin.
11:49 of 3rd period - Shot Blocked by David Booth.
11:51 of 3rd period - Snap shot by Devin Setoguchi.
11:51 of 3rd period - Deflect By Artemi Panarin.
11:51 of 3rd period - Shot Misses the Net.
11:51 of 3rd period - Puck is out of play.
11:52 of 3rd period - Tyler Seguin wins face-off versus Travis Zajac in Panthers zone.
11:57 of 3rd period - Wrist shot by Tyler Seguin.
11:57 of 3rd period - Deflect By Artemi Panarin.
11:57 of 3rd period - Stopped by Petr Mrazek with a rebound.
12:39 of 3rd period - Slapshot by Alex Goligoski.
12:39 of 3rd period - Deflect By Brandon Bollig.
12:39 of 3rd period - Stopped by Andrei Vasilevskiy without a rebound.
12:40 of 3rd period - Kyle Wellwood wins face-off versus Christian Hanson in Blue Jackets zone.
12:41 of 3rd period - Slapshot by Taylor Chorney.
12:41 of 3rd period - Stopped by Andrei Vasilevskiy with a rebound.
12:43 of 3rd period - Wrist shot by Michael Raffl.
12:43 of 3rd period - Shot Blocked by Christian Hanson.
12:45 of 3rd period - Snap shot by Kyle Wellwood.
12:45 of 3rd period - Deflect By Tomas Kopecky.
12:45 of 3rd period - Shot Misses the Net.
12:45 of 3rd period - Puck is out of play.
12:46 of 3rd period - Tyler Seguin wins face-off versus Kyle Wellwood in Blue Jackets zone.
12:46 of 3rd period - Tyler Seguin is hit by Kyle Wellwood.
13:06 of 3rd period - Snap shot by Kyle Wellwood.
13:06 of 3rd period - Stopped by Andrei Vasilevskiy without a rebound.
13:07 of 3rd period - Pavel Datsyuk wins face-off versus Travis Zajac in Blue Jackets zone.
13:19 of 3rd period - Wrist shot by Pavel Datsyuk.
13:19 of 3rd period - Stopped by Petr Mrazek without a rebound.
13:20 of 3rd period - Travis Zajac wins face-off versus Tyler Seguin in Panthers zone.
13:36 of 3rd period - Wrist shot by Travis Zajac.
13:36 of 3rd period - Shot Blocked by Branislav Mezei.
13:43 of 3rd period - Icing by Tyler Seguin.
13:44 of 3rd period - Max Reinhart wins face-off versus Tyler Seguin in Blue Jackets zone.
13:45 of 3rd period - Wrist shot by Drew Stafford.
13:45 of 3rd period - Deflect By Max Reinhart.
13:45 of 3rd period - Stopped by Andrei Vasilevskiy with a rebound.
13:47 of 3rd period - Wrist shot by Taylor Chorney.
13:47 of 3rd period - Stopped by Andrei Vasilevskiy without a rebound.
13:48 of 3rd period - Max Reinhart wins face-off versus Tyler Seguin in Blue Jackets zone.
13:51 of 3rd period - Snap shot by Max Reinhart.
13:51 of 3rd period - Deflect By Drew Stafford.
13:51 of 3rd period - Stopped by Andrei Vasilevskiy with a rebound.
13:57 of 3rd period - Drew Stafford is hit by Artemi Panarin and loses puck.
14:40 of 3rd period - Snap shot by Max Pacioretty.
14:40 of 3rd period - Deflect By Martin Havlat.
14:40 of 3rd period - Shot Misses the Net.
14:40 of 3rd period - Puck is out of play.
14:41 of 3rd period - Matt Duchene wins face-off versus Cody Hodgson in Panthers zone.
14:41 of 3rd period - Matt Duchene is hit by Timothy Kunes.
15:54 of 3rd period - Snap shot by Matt Duchene.
15:54 of 3rd period - Shot Blocked by Dalton Prout.
15:56 of 3rd period - Backhand shot by Radko Gudas.
15:56 of 3rd period - Shot Blocked by Dalton Prout.
15:58 of 3rd period - Snap shot by Jakob Silfverberg.
15:58 of 3rd period - Shot Misses the Net.
16:00 of 3rd period - Slapshot by Radko Gudas.
16:00 of 3rd period - Stopped by Andrei Vasilevskiy with a rebound.
16:02 of 3rd period - Snap shot by Jakob Silfverberg.
16:02 of 3rd period - Shot Blocked by Branislav Mezei.
16:22 of 3rd period - Wrist shot by Max Pacioretty.
16:22 of 3rd period - Shot Misses the Net.
16:46 of 3rd period - Artemi Panarin is hit by Matt Duchene and loses puck.
17:43 of 3rd period - Mike Lundin is hit by Max Reinhart and loses puck.
18:01 of 3rd period - Icing by Jonathan Sigalet.
18:02 of 3rd period - Chad Larose wins face-off versus Christian Hanson in Panthers zone.
18:27 of 3rd period - Backhand shot by Matt Duchene.
18:27 of 3rd period - Shot Blocked by Pavel Datsyuk.
19:39 of 3rd period - Wrist shot by Eric Wellwood.
19:39 of 3rd period - Shot Misses the Net.
19:41 of 3rd period - Snap shot by Eric Wellwood.
19:41 of 3rd period - Shot Misses the Net.
19:45 of 3rd period - Wrist shot by Martin Havlat.
19:45 of 3rd period - Shot Blocked by Matt Duchene.
19:54 of 3rd period - Icing by Matt Duchene.
19:55 of 3rd period - Matt Duchene wins face-off versus Tyler Seguin in Panthers zone.
19:55 of 3rd period - Matt Duchene is hit by Mike Lundin.
Goals for this period are 2 for Blue Jackets vs 2 for Panthers.
Shots for this period are 5 for Blue Jackets vs 17 for Panthers.